Map: Abyssal Reef LE

Players

Kantz - Winner!

  • Race: Zerg Zerg
  • League: Platinum
  • Spawn Location: 5:00

Yata

  • Race: Zerg Zerg
  • League: Gold
  • Spawn Location: 11:00

VOD

Have the link to the VOD?

Description

Time

  • Played on: Sept. 2, 2017, 11:05 p.m.
  • Length: 7:07
Show
View Real Time Build Order
Export as new Build Order

Kantz Zerg - Winner!

Build Orders: Hatch First, Zergling Baneling 

Get SALT Encoding   

  12  0:00  Drone  
  13  0:13  Overlord  
  13  0:17  Drone  
  14  0:31  Drone x2  
  14  0:35  Drone  
  17  0:53  Hatchery  
  17  0:56  Drone  
  17  0:59  Drone  
  18  1:10  Extractor  
  17  1:15  Spawning Pool  
  17  1:17  Drone  
  17  1:20  Drone  
  18  1:28  Drone  
  19  1:40  Overlord  
  19  1:52  Drone  
  20  2:02  Zergling x2  
  20  2:03  Queen  
  20  2:05  Queen  
  20  2:06  Zergling x2  
  26  2:10  Metabolic Boost  
  26  2:13  Drone  
  27  2:16  Drone  
  28  2:24  Drone  
  28  2:26  Drone  
  30  2:39  Hatchery  
  29  2:50  Overlord  
  29  2:51  Baneling Nest  
  28  2:54  Zergling x2  
  28  2:55  Drone  
  28  2:58  Drone  
  31  3:01  Drone  
  32  3:07  Zergling x4  
  32  3:12  Zergling x2  
  35  3:15  Zergling x4  
  35  3:19  Zergling x2  
  39  3:20  Zergling x2  
  39  3:29  Queen  
  39  3:30  Zergling x2  
  39  3:33  Zergling x2  
  39  3:34  Zergling x2  
  44  3:38  Overlord  
  44  3:57  Baneling x3  
  44  3:58  Baneling x2  
  44  4:04  Zergling x2  
  44  4:05  Zergling x16  
  53  4:13  Baneling x2  
  51  4:52  Zergling x2  
  51  4:53  Zergling x12  
  51  4:56  Baneling x5  
  51  4:57  Baneling x2  
  46  5:08  Zergling x6  
  46  5:09  Zergling x16  
  56  5:28  Zergling x8  
  57  5:45  Overlord x4  
  57  5:51  Baneling x2  
  57  5:52  Baneling x4  
  57  5:58  Baneling  
  51  6:22  Baneling x3  
  51  6:23  Baneling  
  49  6:29  Zergling x2  
  49  6:30  Zergling x28  
Show
View Real Time Build Order
Export as new Build Order

Yata Zerg 

Build Orders: Hatch First 

Get SALT Encoding   

  12  0:01  Drone  
  13  0:12  Overlord  
  13  0:21  Drone  
  14  0:31  Drone x2  
  14  0:35  Drone  
  17  0:55  Hatchery  
  16  0:58  Drone  
  16  1:01  Drone  
  18  1:12  Extractor  
  18  1:17  Spawning Pool  
  16  1:19  Drone  
  16  1:23  Drone  
  18  1:28  Drone  
  19  1:40  Overlord  
  19  1:50  Drone  
  20  2:01  Drone  
  20  2:04  Queen  
  20  2:07  Queen  
  25  2:11  Zergling x2  
  25  2:12  Zergling x2  
  25  2:15  Metabolic Boost  
  27  2:19  Drone  
  27  2:22  Drone  
  29  2:29  Drone  
  30  2:33  Zergling x2  
  31  2:38  Baneling Nest  
  31  2:40  Drone  
  31  2:59  Overlord  
  31  3:03  Drone  
  31  3:04  Drone x2  
  34  3:16  Drone x2  
  34  3:17  Drone  
  34  3:18  Zergling x8  
  34  3:19  Zergling x2  
  42  3:26  Lair  
  42  3:28  Extractor  
  42  3:30  Drone x2  
  43  3:41  Overlord  
  43  3:42  Queen  
  43  3:50  Baneling  
  43  3:51  Baneling  
  43  3:55  Zergling x2  
  44  4:01  Zergling x6  
  44  4:02  Zergling x8  
  51  4:12  Baneling x2  
  50  4:17  Overlord x2  
  44  4:52  Evolution Chamber  
  41  5:00  Zergling x2  
  41  5:01  Zergling x18  
  49  5:10  Zergling x2  
  50  5:16  Baneling x2  
  39  5:37  Zergling x6  
  39  5:38  Zergling x10  
  39  5:41  Baneling x4  
  47  5:44  Queen  
  49  5:58  Extractor x2  
  46  6:07  Zergling x8  
  46  6:08  Zergling x4  
  50  6:28  Zergling x8  
  50  6:29  Baneling x2  
  50  6:30  Baneling x2  
  45  6:49  Zergling x6, Hatchery  
Tags
 
Matchup
ZvZ
Race
Zerg
Replay Pack
Pack 1
Spawn Locations
Cross Positions
Add a new tag
Caveats
  • Supply blocks, unpowered buildings, or Contaminate may cause inaccurate times.
  • Supply counts are checked every 10 seconds.